 Dungeon Sprint DCSS version 0.32-a0-585-gef4fe23122 (webtiles) character file.

Game seed: 17380261495765345321

14063 Revguard the Fetichist (level 12, -6/165 HPs)
             Began as a Coglin Berserker on Mar 2, 2024.
             Was the Champion of Trog.
             Mangled by a caustic shrike (9 damage)
             ... in the Dungeon (Sprint V: "Ziggurat Sprint").
             The game lasted 00:06:24 (1185 turns).

Revguard the Fetichist (Coglin Berserker)           Turns: 1185, Time: 00:06:24

Health: -6/165     AC: 30    Str: 18    XL:     12   Next: 12%
Magic:  12/12      EV: 13    Int:  6    God:    Trog [******]
Gold:   0          SH:  0    Dex: 19    Spells: 11/11 levels left

rFire   . . .        t - +11 Screaming Sword {sonic wave}
rCold   . . .        y - +8 Vampire's Tooth {megavamp}
rNeg    . . .        s - +15 Maxwell's patent armour {-Cast -Tele rElec Will+ rCorr}
rPois   .            (no helmet)
rElec   +            (no cloak)
rCorr   +            (no gloves)
SInv    .            (no boots)
Will    +++..        (amulet unavailable) Stlth
                     (ring unavailable)
HPRegen 1.47/turn    (ring unavailable)
MPRegen 0.13/turn    (no gizmo)

%: no teleportation, no spellcasting
@: berserking, strong-willed, regenerating, very quick
A: off-hand wielding, slow wielding, warmup strikes, no jewellery
a: Invent Gizmo, Renounce Religion, Berserk, Trog's Hand, Brothers in Arms


You were in the Dungeon.
You worshipped Trog.
Trog was exalted by your worship.
You visited 1 branch

Inventory:

Hand Weapons
 a - a +0 falchion {Somchit}
 c - a +0 dagger {Zihan}
 t - the +11 Screaming Sword (weapon) {sonic wave}
   (You found it in the Dungeon)
 u - a +5 demon blade {Kai}
 v - a +5 double sword
 y - the +8 Vampire's Tooth (offhand) {megavamp}
   (You found it in the Dungeon)
Armour
 b - a +0 animal skin
 s - the +15 Maxwell's patent armour (worn) {-Cast -Tele rElec Will+ rCorr}
   (You found it in the Dungeon)

   rElec:     It insulates you from electricity.
   Will+:     It increases your willpower.
   -Cast:     It prevents spellcasting.
   -Tele:     It prevents most forms of teleportation.
   rCorr:     It protects you from acid and corrosion.
Talismans
 B - a dragon-blood talisman
Wands
 q - a wand of mindburst (28)
 r - a wand of acid (26)
 w - a wand of polymorph (10)
 x - a wand of charming (7)
 z - a wand of digging (5)
 A - a wand of flame (18)
Scrolls
 i - 4 scrolls of blinking
 n - 8 scrolls of fog
 o - 5 scrolls of identify
 p - 2 scrolls of fear
Potions
 d - 10 potions of curing
 e - 9 potions of heal wounds
 f - 6 potions of haste
 g - 7 potions of magic
 h - 3 potions of berserk rage
 j - 2 potions of invisibility
 k - 4 potions of resistance
 m - 5 potions of might
Miscellaneous
 l - a sack of spiders (inert)


   Skills:
 + Level 15.3 Fighting
 + Level 15.0 Long Blades
 + Level 12.3 Armour
 + Level 14.4 Dodging
 + Level 15.9 Evocations


You had 11 spell levels left.
You didn't know any spells.
Your spell library was empty.

Dungeon Overview and Level Annotations

Branches:
Dungeon (1/1)

Altars:
Ashenzari
Cheibriados
Dithmenos
Elyvilon
Fedhas
Gozag
Hepliaklqana
Kikubaaqudgha
Makhleb
Nemelex Xobeh
Okawaru
Qazlal
Ru
Sif Muna
Trog
Uskayaw
Vehumet
Wu Jian
Xom
Yredelemnul
Zin
The Shining One
Beogh
Jiyva
Lugonu

Annotations:
D 1 transporter


Innate Abilities, Weirdness & Mutations

You can wield a second weapon in your off-hand.
It takes a long time for you to wield or remove held weapons.
Your first few attacks do less damage.
You cannot equip rings or amulets.


Message History

The iron shot hits your stone giant!!!
You swap places.
Found seven items.
The ancient champion gestures wildly while chanting.
The ancient champion seems to speed up.
The ancient champion struggles to get unstuck from the web.
An ancient champion comes into view.
It is wielding a +3 vampiric great sword.
The war gargoyle evades a web.
The quicksilver elemental is caught in a web!
The caustic shrike claws your tarantella!!
Your tarantella is splashed with acid.
The acid corrodes your tarantella!
You swap places.
Found a transporter.
The caustic shrike misses you.
The quicksilver elemental tears the web.
The ancient champion points at you and mumbles some strange words.
The iron shot hits you!!
Your tarantella misses the caustic shrike.
The ancient champion struggles to get unstuck from the web.
The caustic shrike claws you!
You are splashed with acid.
You resist.
The ancient champion hits you but does no damage.
Your tarantella touches the caustic shrike.
A red film seems to cover your vision as you go berserk!
You feel yourself moving faster!
You feel mighty! The caustic shrike misses you.
The ancient champion casts a spell at you.
The iron shot hits you!!
The ancient champion struggles to get unstuck from the web.
The ancient champion gestures wildly while chanting.
The ancient champion seems to speed up.
The ancient champion casts a spell at you.
The iron shot hits you!!!
* * * LOW HITPOINT WARNING * * *
The ancient champion hits you with a +3 great sword of freezing!
* * * LOW HITPOINT WARNING * * *
The ancient champion freezes you.
* * * LOW HITPOINT WARNING * * *
Your tarantella touches the caustic shrike!
The caustic shrike is afflicted by dizzying energies!
The caustic shrike appears confused.
Your tarantella touches the caustic shrike!
The caustic shrike claws you!
You die...

▓.........
▓....ß©ß....▓....©...(
▓..[//)?[)..▓▓▓▓▓▓▓▓▓▓
▓..."z[=)...▓...ß©ß...
▓....r......▓..))|.:..
▓....99^....▓....):...
▓....EzD....▓.........
▓...zzb9....▓....†....
▓z@ss.▓ ▓...))†...
▓▓Cs.▓▓ ▓...))†...
▓..▓.....▓..▓.▓.....▓.
▓.....©.....▓....©....
▓▓▓▓▓▓▓▓▓▓▓▓▓▓▓▓▓▓▓▓▓▓
▓...ß©ß...▓...ß©ß...▓.
▓..[...=:.▓..)).|:..▓.
▓..=||=...▓..:=))...▓.
▓.........▓.........▓.


You could see 2 iron golems, an iron dragon, a caustic shrike (confused), a
quicksilver elemental, 5 ancient champions, a crystal echidna, a war gargoyle
(ally target), a friendly stone giant (summoned, berserk) and 3 friendly
tarantellas.

Vanquished Creatures
  A tentacled starspawn (D)
  2 rockslimes (D)
  2 azure jellies (D)
  A quicksilver ooze (D)
  A hydra (D)
  A black mamba (D)
  An eye of devastation (D)
  An orange demon (D)
  2 cane toads (D)
  4 komodo dragons (D)
  3 yaktaurs (D)
  An efreet (D)
  3 wind drakes (D)
  3 merfolk (D)
  A blink frog (D)
  7 spriggans (D)
  A ynoxinul (D)
  A yak (D)
  A water moccasin (D)
  4 black bears (D)
  2 wolves (D)
  2 centaurs (D)
  4 bullfrogs (D)
  A weeping skull (D)
  2 crimson imps (D)
  2 quasits (D)
  3 jellies (D)
  2 orc priests (D)
  2 iron imps (D)
  An iguana (D)
  2 orc wizards (D)
  3 river rats (D)
  A shadow imp (D)
  2 ufetubi (D)
  2 orcs (D)
  2 endoplasms (D)
  A jackal (D)
75 creatures vanquished.

Notes
Turn   | Place    | Note
-------+----------+-------------------------------------------
     0 | D        | Revguard the Coglin Berserker began the quest for the Orb.
     0 | D        | Reached XP level 1. HP: 18/18 MP: 1/1
     0 | D        | Found a shimmering blue altar of Sif Muna.
     0 | D        | Found a sacrificial altar of Ru.
     0 | D        | Found a bloodstained altar of Trog.
     0 | D        | Found a stormy altar of Qazlal.
     0 | D        | Found an iron altar of Okawaru.
     0 | D        | Found a sparkling altar of Nemelex Xobeh.
     0 | D        | Found a blossoming altar of Fedhas.
     0 | D        | Found the +6 Majin-Bo {spellvamp, MP+6 Int+6}
     0 | D        | Found the +27 heavy crossbow "Sniper" {heavy, Acc+∞ SInv}
     0 | D        | Found the +10 dark maul {heavy}
     0 | D        | Found the +15 Maxwell's patent armour {-Cast -Tele rElec
                  | Will+ rCorr}
     0 | D        | Found the +18 shield of the Gong {Loud rN+ Will+ rCorr
                  | EV-5}
     0 | D        | Found the +16 obsidian axe {drain, demonic, Mesm ^Drain Fly
                  | SInv}
     0 | D        | Found the +7 great mace "Firestarter" {flame, immolate,
                  | rFlCloud rF++}
     0 | D        | Found the +6 shillelagh "Devastator" {shatter}
     0 | D        | Found the +11 plutonium sword {^Contam Stlth-}
     0 | D        | Found the +8 lance "Wyrmbane" {slay drac, rPois rF+ rC+
                  | AC+3}
     0 | D        | Found the +9 sword of Zonguldrok {reap}
     0 | D        | Found the +13 scythe of Curses {drain, curses, ^Drain}
     0 | D        | Found the +9 sword of Power {lifebolt}
     0 | D        | Found the +7 mace of Variability {chaos, chaos arc}
     0 | D        | Found the +11 Singing Sword {sonic wave}
     0 | D        | Found the +8 storm bow {elec, penet}
     2 | D        | Found a transporter.
     2 | D        | Found an ancient bone altar of Kikubaaqudgha.
     2 | D        | Found a viscous altar of Jiyva.
     2 | D        | Found a corrupted altar of Lugonu.
     2 | D        | Found a hazy altar of Hepliaklqana.
     2 | D        | Found a burning altar of Makhleb.
     2 | D        | Found an opulent altar of Gozag.
    76 | D        | Entered arena 2.
    76 | D        | Noticed a spriggan
    76 | D        | Noticed a spriggan
    76 | D        | Found a transporter.
    79 | D        | Killed a spriggan
    80 | D        | Reached XP level 2. HP: 2/31 MP: 2/2
    80 | D        | Reached XP level 3. HP: 3/36 MP: 3/3
    80 | D        | Reached XP level 4. HP: 3/43 MP: 4/4
    80 | D        | Reached XP level 5. HP: 4/48 MP: 5/5
    84 | D        | Killed a spriggan
    85 | D        | Reached XP level 6. HP: 41/57 MP: 6/6
    87 | D        | Reached skill level 10 in Fighting
    87 | D        | Reached skill level 5 in Armour
    87 | D        | Reached skill level 5 in Dodging
    87 | D        | Reached XP level 7. HP: 48/66 MP: 7/7
   151 | D        | Entered arena 3.
   151 | D        | Noticed a spriggan
   151 | D        | Noticed a spriggan
   151 | D        | Found a transporter.
   155 | D        | Killed a spriggan
   155 | D        | Reached ** piety under Trog
   156 | D        | Reached skill level 5 in Evocations
   157 | D        | Reached skill level 10 in Long Blades
   158 | D        | Killed a spriggan
   159 | D        | Reached XP level 8. HP: 66/74 MP: 8/8
   165 | D        | Acquired a manual of Dodging
   184 | D        | Entered arena 4.
   184 | D        | Noticed a yaktaur
   184 | D        | Noticed a yaktaur
   184 | D        | Noticed a yaktaur
   184 | D        | Found a transporter.
   187 | D        | Killed a yaktaur
   189 | D        | Killed a yaktaur
   189 | D        | Reached *** piety under Trog
   189 | D        | Killed a yaktaur
   190 | D        | Reached XP level 9. HP: 38/81 MP: 9/9
   319 | D        | Entered arena 5.
   319 | D        | Found a transporter.
   322 | D        | Reached **** piety under Trog
   334 | D        | Entered arena 6.
   334 | D        | Noticed an efreet
   334 | D        | Found a transporter.
   338 | D        | Reached ***** piety under Trog
   338 | D        | Killed an efreet
   421 | D        | Entered arena 7.
   422 | D        | Found a transporter.
   430 | D        | Received a gift from Trog
   477 | D        | Entered arena 8.
   477 | D        | Found the +8 Vampire's Tooth {megavamp}
   477 | D        | Noticed a komodo dragon
   477 | D        | Noticed a komodo dragon
   477 | D        | Noticed a cane toad
   478 | D        | Found a transporter.
   480 | D        | Received a gift from Trog
   481 | D        | Killed a cane toad
   482 | D        | Reached skill level 10 in Dodging
   482 | D        | Reached skill level 10 in Evocations
   483 | D        | Killed a komodo dragon
   486 | D        | Killed a komodo dragon
   567 | D        | Entered arena 9.
   567 | D        | Noticed a wind drake
   567 | D        | Noticed a wind drake
   567 | D        | Noticed a merfolk
   567 | D        | Noticed a merfolk
   567 | D        | Noticed a merfolk
   567 | D        | Noticed a wind drake
   568 | D        | Found a transporter.
   573 | D        | Killed a wind drake
   574 | D        | Reached XP level 10. HP: 89/90 MP: 10/10
   579 | D        | Reached ****** piety under Trog
   660 | D        | Entered arena 10.
   661 | D        | Found a transporter.
   665 | D        | Received a gift from Trog
   707 | D        | Entered arena 11.
   707 | D        | Noticed an orange demon
   707 | D        | Noticed a tentacled starspawn
   708 | D        | Found a transporter.
   709 | D        | Received a gift from Trog
   710 | D        | Reached skill level 10 in Armour
   713 | D        | Killed a tentacled starspawn
   714 | D        | Reached XP level 11. HP: 78/99 MP: 11/11
   777 | D        | Entered arena 12.
   777 | D        | Found the ring of the Tortoise {AC+8}
   777 | D        | Noticed a seven-headed hydra
   779 | D        | Found a transporter.
   780 | D        | Received a gift from Trog
   781 | D        | Killed an eight-headed hydra
   787 | D        | Received a gift from Trog
  1061 | D        | Entered arena 13.
  1061 | D        | Noticed a rockslime
  1061 | D        | Noticed a rockslime
  1061 | D        | Noticed an azure jelly
  1062 | D        | Noticed an azure jelly
  1062 | D        | Noticed a quicksilver ooze
  1063 | D        | Found a transporter.
  1067 | D        | Killed a quicksilver ooze
  1069 | D        | Killed an azure jelly
  1069 | D        | Received a gift from Trog
  1072 | D        | Killed a rockslime
  1073 | D        | Reached skill level 15 in Fighting
  1073 | D        | Reached skill level 15 in Evocations
  1073 | D        | Killed a rockslime
  1074 | D        | Reached XP level 12. HP: 82/109 MP: 12/12
  1074 | D        | Killed an azure jelly
  1075 | D        | Reached skill level 15 in Long Blades
  1178 | D        | Entered arena 14.
  1179 | D        | Noticed an ancient champion
  1179 | D        | Noticed a war gargoyle
  1179 | D        | Noticed a crystal echidna
  1179 | D        | Noticed an iron golem
  1179 | D        | Noticed an ancient champion
  1179 | D        | Noticed an ancient champion
  1179 | D        | Noticed an iron golem
  1179 | D        | Noticed an iron dragon
  1180 | D        | Noticed a caustic shrike
  1180 | D        | Noticed an ancient champion
  1182 | D        | Noticed a quicksilver elemental
  1183 | D        | Noticed an ancient champion
  1184 | D        | Found a transporter.
  1185 | D        | HP: 6/165 [ancient champion/+3 great sword of freezing
                  | (13)]
  1185 | D        | Mangled by a caustic shrike

Illustrated notes

Levels and vault maps discovered:
D:        sprint_v [room_start, room_1, room_2, room_3, room_4, room_5, room_6,
          room_7, room_8, room_9, room_10, room_11, room_12, room_13, room_14,
          room_15, room_16, room_17, room_18, room_19, room_20, room_21,
          room_22, room_23, room_24, room_25, room_26, room_27]

Skill      XL: |  1  2  3  4  5  6  7  8  9 10 11 12 |
---------------+-------------------------------------+-----
Fighting       | 7 8 10 11 12 13 15 | 15.3
Long Blades    | 7 8 9 10 11 12 13 14 15 | 15.0
Armour         | 3 4 5 6 7 9 10 12 | 12.3
Dodging        | 3 4 5 6 8 10 13 14 | 14.4
Evocations     | 4 6 8 11 13 15 | 15.9

Action                     |  1- 3 |  4- 6 |  7- 9 | 10-12 || total
---------------------------+-------+-------+-------+-------++-------
  Melee: Demon blade       |     3 |     4 |    30 |       ||    37
         Double sword      |     2 |     4 |    33 |    34 ||    73
         Quick blade       |       |       |     6 |    52 ||    58
 Invoke: Berserk           |       |       |       |     2 ||     2
         Trog's Hand       |       |       |       |     2 ||     2
         Brothers in Arms  |       |       |       |     1 ||     1
Ability: Breathe Fire      |       |       |       |     1 ||     1
  Evoke: Sack of spiders   |       |       |       |     1 ||     1
    Use: Potion            |       |     2 |       |       ||     2
         Scroll            |       |       |     1 |       ||     1
 Armour: Plate armour      |     7 |     2 |    60 |    76 ||   145
  Dodge: Dodged            |       |     2 |    26 |    38 ||    66
         Form:             |       |       |       |     1 ||     1
         Dragon            |       |       |       |     1 ||     1

Table legend: (Time is in decaauts)
 A = Elapsed time spent in this place.
 B = Non-inter-level travel time spent in this place.
 C = Inter-level travel time spent in this place.
 D = Time resting spent in this place.
 E = Time spent auto-exploring this place.
 F = Levels seen in this place.
 G = Mean time per level.
                   A        B        C        D        E       F      G
               +--------+--------+--------+--------+--------+-----+--------+
         Total |   1179 |   1179 |      0 |    788 |      8 |   1 | 1179.0 |
       Dungeon |   1179 |   1179 |      0 |    788 |      8 |   1 | 1179.0 |
               +--------+--------+--------+--------+--------+-----+--------+

Top non-repeatable levels by time:
       D: 1179 daAuts
